 Dungeon Crawl Stone Soup version 0.21.1-1-g345015fe64 (webtiles) character file.

259 Mrkan the Cudgeler (level 6, 0/37 HPs)
             Began as a Gargoyle Fighter on May 10, 2018.
             Slain by Sigmund
             ... wielding a +0 scythe
              (10 damage)
             ... on level 4 of the Dungeon.
             The game lasted 00:07:43 (2947 turns).

Mrkan the Cudgeler (Gargoyle Fighter)               Turns: 2947, Time: 00:07:43

Health: 0/37       AC: 11    Str: 21    XL:     6   Next: 17%
Magic:  6/6        EV:  7    Int:  8    God:
Gold:   145        SH:  9    Dex: 10    Spells: 5/5 levels left

rFire    . . .     SeeInvis .   a - +0 flail
rCold    . . .     Gourm    .   c - +0 shield
rNeg     + . .     Faith    .   b - +0 scale mail
rPois    ∞         Spirit   .   (no helmet)
rElec    +         Reflect  .   (no cloak)
rCorr    .         Harm     .   (no gloves)
MR       .....                  (no boots)
Stlth    ..........             (no amulet)
HPRegen  0.12/turn              (no ring)
MPRegen  0.10/turn              (no ring)

@: no status effects
A: negative energy resistance 1, electricity resistance, unbreathing,
petrification resistance, rot immunity, AC +4
a: no special abilities


You were on level 4 of the Dungeon.
You were not hungry.

You visited 1 branch of the dungeon, and saw 4 of its levels.

You collected 145 gold pieces.

Inventory:

Hand Weapons
 a - a +0 flail (weapon)
Armour
 b - a +0 scale mail (worn)
 c - a +0 shield (worn)
Jewellery
 h - an uncursed ring of resist corrosion {unknown}
Wands
 l - a wand of random effects (40)
 x - a wand of iceblast (5)
Scrolls
 j - 4 scrolls of magic mapping {unknown}
 n - 7 scrolls of identify {unknown}
 q - a scroll of immolation {unknown}
 s - a scroll of noise {unknown}
 u - a scroll of random uselessness {unknown}
 v - 2 scrolls of enchant weapon {unknown}
 w - a scroll of amnesia {unknown}
 y - a scroll of remove curse {unknown}
 z - a scroll of fear {unknown}
Potions
 d - a potion of might
 e - 3 potions of lignification {unknown}
 g - 2 potions of agility {unknown}
 i - 5 potions of curing {unknown}
 m - 2 potions of degeneration {unknown}
 o - 2 potions of brilliance {unknown}
 p - a potion of cancellation {unknown}
 r - 2 potions of magic {unknown}
Books
 k - a book of Minor Magic

   Spells                             Type                      Level
   a - Magic Dart                     Conjuration                  1
   b - Blink                          Translocation                2
   c - Call Imp                       Summoning                    2
   d - Slow                           Hexes                        2
   e - Conjure Flame                  Conjuration/Fire             3
   f - Mephitic Cloud                 Conjuration/Poison/Air       3
Comestibles
 f - 7 rations


   Skills:
 - Level 3.2 Fighting
 * Level 5.3 Maces & Flails
 - Level 4.9 Armour
 - Level 3.2 Shields


You had 5 spell levels left.
You didn't know any spells.

Dungeon Overview and Level Annotations

Branches:
Dungeon (4/15)
 Temple: D:4-7

Altars:
Ashenzari
Okawaru
Trog

Annotations:
D:4 Sigmund


Innate Abilities, Weirdness & Mutations

You are resistant to torment.
Your stone body is resilient. (AC +4)
You are immune to poison.
You resist negative energy. (rN+)
You are resistant to electric shocks. (rElec)
You can survive without breathing.
You are immune to petrification.
You are immune to rotting.


Message History

Sigmund is nearby!
Sigmund drinks a potion.
Sigmund flickers and vanishes!
Deactivating autopickup; reactivate with Ctrl-A.
Something hits you.
You see here a scroll labeled APSEHO WEKKEEDGH.
You miss something. Something hits you.
You hit something. Something hits you!
You barely miss something. Something hits you but does no damage.
You closely miss something. You barely miss something. Something hits you!
* * * LOW HITPOINT WARNING * * *
You closely miss something.
You hear some strange, mumbled words.
Something tries to affect you, but you resist.
You closely miss something. Something hits you but does no damage.
You thump something! Something hits you but does no damage.
You closely miss something. You block something's attack.
You hit something. Something hits you but does no damage.
You miss something. Something hits you!
You die...

..# #.# ..# #.# ..# #.#
### # # # .## ...##
##################.....#
................@{.....#
##################.....#
...## ###


There were no monsters in sight!

Vanquished Creatures
  2 worker ants
  11 adders
  A gnoll (D:3)
  An ooze (D:1)
  3 dart slugs
  2 leopard geckos (D:1)
  3 orcs
  3 giant cockroaches
  11 goblins
  10 hobgoblins
  3 jackals (D:2)
  10 kobolds
  4 quokkas
  3 ball pythons
  9 bats
  8 frilled lizards
  8 rats
92 creatures vanquished.

Notes
Turn   | Place    | Note
-------+----------+-------------------------------------------
     0 | D:1      | Mrkan the Gargoyle Fighter began the quest for the Orb.
     0 | D:1      | Reached XP level 1. HP: 14/14 MP: 1/1
    64 | D:1      | Reached XP level 2. HP: 10/19 MP: 2/2
   520 | D:1      | Reached skill level 3 in Maces & Flails
   520 | D:1      | Reached XP level 3. HP: 23/23 MP: 3/3
   664 | D:1      | You fall through a shaft!
   765 | D:2      | Reached XP level 4. HP: 21/28 MP: 4/4
   923 | D:2      | Reached skill level 4 in Maces & Flails
  1682 | D:3      | Reached XP level 5. HP: 32/32 MP: 5/5
  2149 | D:3      | Found an iron altar of Okawaru.
  2261 | D:3      | Found a bloodstained altar of Trog.
  2517 | D:4      | Found a shattered altar of Ashenzari.
  2619 | D:4      | Reached skill level 5 in Maces & Flails
  2624 | D:4      | Reached XP level 6. HP: 37/37 MP: 6/6
  2932 | D:4      | Noticed Sigmund
  2947 | D:4      | Slain by Sigmund

Skill      XL: |  1  2  3  4  5 |
---------------+----------------+-----
Maces & Flails | 3 4 5 |  5.3
Armour         | 4 |  4.9
Fighting       | |  3.2
Shields        | |  3.2

Action                   |  1- 3 |  4- 6 || total
-------------------------+-------+-------++-------
Melee: Flail             |   137 |   224 ||   361
  Eat: Chunk             |       |     7 ||     7
Armor: Scale mail        |   122 |   145 ||   267
Dodge: Dodged            |    87 |    78 ||   165
Block: Shield            |   119 |   131 ||   250
